 Dungeon Crawl Stone Soup version 0.13-a0-1585-g6f4f798 (webtiles) character file.

334 Kae the Chiller (level 5, -8/35 HPs)
             Began as a Demonspawn Ice Elementalist on June 12, 2013.
             Killed by divine providence
             ... invoked by an orc priest
              (17 damage)
             ... on Level 4 of the Dungeon.
             The game lasted 00:07:17 (3035 turns).

Kae the Chiller (Demonspawn Ice Elementalist)       Turns: 3035, Time: 00:07:17

HP  -8/35        AC  2     Str  8      XL: 5   Next: 41%
MP   6/10        EV 12     Int 17      God:
Gold 143         SH  0     Dex 14      Spells:  3 memorised,  4 levels left

Res.Fire  : . . .   See Invis. : .   o - +4,+2 dwarf dagger (venom)
Res.Cold  : . . .   Warding    : .   a - +0 robe
Life Prot.: . . .   Conserve   : .   (no shield)
Res.Poison: .       Res.Corr.  : .   (helmet restricted)
Res.Elec. : .       Clarity    : .   (no cloak)
Sust.Abil.: . .     Spirit.Shd : .   (no gloves)
Res.Mut.  : .       Stasis     : .   (no boots)
Res.Rott. : .       Flight     : .   (no amulet)
Saprovore : . . .                    (no ring)
                                     (no ring)

@: slightly resistant to hostile enchantments, fairly stealthy
A: antennae 1, claws 1, spiny 1
a: no special abilities


You were on level 4 of the Dungeon.
You were not hungry.

You visited 1 branch of the dungeon, and saw 4 of its levels.

You collected 123 gold pieces.

Inventory:

Hand weapons
 o - a +4,+2 dwarven dagger of venom (weapon)
Armour
 a - a +0 robe (worn)
Comestibles
 c - 7 bread rations
 f - 3 apples
 g - a chunk of quokka flesh
 i - 3 meat rations
 j - a snozzcumber
 m - 10 grapes
 z - a choko
Scrolls
 d - 3 scrolls of magic mapping
 n - a scroll of identify
 r - a scroll of fear
Potions
 e - 2 potions of might {unknown}
 h - a potion of heal wounds {unknown}
 k - a potion of speed {unknown}
 l - a potion of curing {unknown}
 p - a potion of magic {unknown}
 s - a potion of restore abilities {unknown}
 u - 2 potions of agility {unknown}
 w - a potion of slowing {unknown}
Books
 b - a book of Frost

   Spells                             Type                      Level
   *Freeze                            Ice                          1
   *Throw Frost                       Conjuration/Ice              2
   *Ozocubu's Armour                  Charms/Ice                   3
   Throw Icicle                       Conjuration/Ice              4
   Summon Ice Beast                   Ice/Summoning                4
   Condensation Shield                Ice                          4


   Skills:
 - Level 1.7 Dodging
 - Level 1.7 Stealth
 + Level 3.0 Spellcasting
 * Level 3.2 Conjurations
 * Level 3.7 Ice Magic


You had 4 spell levels left.
You knew the following spells:

 Your Spells              Type           Power        Failure   Level  Hunger
a - Freeze                Ice            ###.         4%          1    None
b - Throw Frost           Conj/Ice       ##....       10%         2    ##.....
c - Ozocubu's Armour      Chrm/Ice       #.........   24%         3    ###....


Dungeon Overview and Level Annotations

Branches:
Dungeon (4/27)
 Temple: D:4-7

Altars:
Xom


Innate Abilities, Weirdness & Mutations

You have a pair of small antennae on your head.
You have sharp fingernails.
You are partially covered in sharp spines.


Message History

Aim: an orc priest, wielding an orcish flail The puff of frost hits the orc priest.
The orc priest is heavily wounded.
The orc priest invokes the aid of Beogh against you.
Something smites you!
An orc comes into view.
An orc priest comes into view. It is wielding an orcish flail.
Casting: Throw Frost
Confirm with . or Enter, or press ? or * to list all spells.
Aiming: Throw Frost
Press: ? - help, Shift-Dir - straight line, f/p - orc priest
Aim: an orc priest, wielding an orcish flail (heavily wounded)
The puff of frost hits the orc priest.
The orc priest is severely wounded.
The orc priest invokes the aid of Beogh against you.
Something smites you!
* * * LOW HITPOINT WARNING * * *
The orc priest mumbles some strange prayers to Beogh against you.
Something smites you!
You die...

##### ######...### #...##.....#
#...##.....##############.
................@....oo.o. ...
..#####...############.... #..#
..# #...# #..# #.# ##### #..# #.#
############..## #.#####
####............... #.#...##
####.................# #.#....###
#.......#######.......
#........###..........####...<...


You could see 2 orc priests and an orc.

Vanquished Creatures
  A worker ant (D:4)
  An orc wizard (D:3)
  6 adders
  A worm (D:2)
  4 giant geckos
  3 oozes (D:2)
  4 orcs (D:3)
  3 ball pythons
  A giant cockroach (D:1)
  4 goblins
  13 hobgoblins
  4 jackals (D:2)
  7 kobolds
  5 quokkas
  5 bats
  3 giant newts
  10 rats
75 creatures vanquished.

Notes
Turn   | Place    | Note
--------------------------------------------------------------
     0 | D:1      | Kae, the Demonspawn Ice Elementalist, began the quest for the Orb.
     0 | D:1      | Reached XP level 1. HP: 13/13 MP: 3/3
     2 | D:1      | Noticed a ghoul
     2 | D:1      | Noticed a vampire
     4 | D:1      | Noticed a demigod
     4 | D:1      | Noticed a merfolk
     6 | D:1      | Noticed a draconian
     8 | D:1      | Noticed a spriggan
     8 | D:1      | Noticed a dwarf
    10 | D:1      | Noticed a centaur
    12 | D:1      | Noticed an octopode
    14 | D:1      | Noticed an elf
    16 | D:1      | Noticed a tengu
    16 | D:1      | Noticed a troll
    18 | D:1      | Noticed a human
    18 | D:1      | Noticed a minotaur
    20 | D:1      | Noticed a naga
    20 | D:1      | Noticed a felid
    22 | D:1      | Noticed a demonspawn
    22 | D:1      | Noticed an ogre
   235 | D:1      | Found a shimmering altar of Xom.
   277 | D:1      | Gained mutation: You are partially covered in sharp spines. [demonic ancestry]
   277 | D:1      | Reached XP level 2. HP: 10/19 MP: 0/4
   282 | D:1      | Learned a level 2 spell: Throw Frost
   829 | D:2      | Reached skill level 3 in Ice Magic
   917 | D:2      | Gained mutation: You have a pair of small antennae on your head. [demonic ancestry]
   917 | D:2      | Reached XP level 3. HP: 24/24 MP: 4/6
  1328 | D:2      | Reached XP level 4. HP: 27/30 MP: 4/8
  2328 | D:3      | Gained mutation: You have sharp fingernails. [demonic ancestry]
  2328 | D:3      | Reached XP level 5. HP: 21/35 MP: 3/10
  2356 | D:3      | Learned a level 3 spell: Ozocubu's Armour
  3035 | D:4      | Killed from afar by an orc priest

Action                   |  1- 3 |  4- 6 || total
-------------------------+-------+-------++-------
Melee: Unarmed           |    23 |     4 ||    27
       Dagger            |       |     6 ||     6
 Cast: Freeze            |    65 |    70 ||   135
       Throw Frost       |       |     2 ||     2
  Use: Scroll            |       |    13 ||    13
 Stab: Sleeping          |     1 |     1 ||     2
